Map: NeoHumanity LE

Players

winzboy

  • Race: Protoss Protoss
  • League: Gold
  • Spawn Location: 11:00

king - Winner!

  • Race: Protoss Protoss
  • Spawn Location: 5:00

VOD

Have the link to the VOD?

Description

Time

  • Played on: May 26, 2023, 11:55 p.m.
  • Length: 2:29
Show
View Real Time Build Order
Export as new Build Order

winzboy Protoss 

Build Orders:  

Get SALT Encoding   

  12  0:01  Probe  
  13  0:21  Probe, Pylon  
  14  0:33  Probe  
  15  0:45  Gateway  
  15  0:49  Assimilator  
  16  0:50  Probe (Chrono Boost)  
  16  1:00  Probe (Chrono Boost)  
  17  1:05  Probe (Chrono Boost)  
  18  1:16  Probe  
  19  1:28  Probe  
  20  1:44  Zealot  
  21  2:03  Probe  
  19  2:16  Probe  
Show
View Real Time Build Order
Export as new Build Order

king Protoss - Winner!

Build Orders: Cannon Rush 

Get SALT Encoding   

  12  0:00  Probe  
  13  0:12  Probe  
  14  0:17  Pylon  
  14  0:25  Probe  
  15  0:37  Probe  
  15  0:41  Forge  
  16  0:49  Probe  
  17  1:01  Probe  
  18  1:10  Pylon  
  18  1:12  Pylon  
  18  1:13  Pylon  
  18  1:29  Photon Cannon  
  18  1:43  Photon Cannon  
  18  1:47  Photon Cannon  
  18  2:07  Photon Cannon  
  18  2:27  Photon Cannon  
  18  2:29  Gateway  
Tags
 
League
Gold
Matchup
PvP
Replay Pack
Multiplayer
Spawn Locations
Cross Positions
Add a new tag
Caveats
  • Supply blocks, unpowered buildings, or Contaminate may cause inaccurate times.
  • Supply counts are checked every 10 seconds.